 Dungeon Crawl Stone Soup version 0.27-a0-543-gd81048afd2 (webtiles) character file.

Game seed: 13244480338268894291

8068 Malandir the Geomancer (level 11, -4/96 HPs)
             Began as a Gargoyle Earth Elementalist on Mar 7, 2021.
             Was a Follower of Vehumet.
             Slain by an orc warrior
             ... wielding a +0 flail
              (10 damage)
             ... on level 10 of the Dungeon.
             The game lasted 00:18:47 (10925 turns).

Malandir the Geomancer (GrEE)                      Turns: 10925, Time: 00:18:47

Health: -4/96      AC: 27    Str: 12    XL:     11   Next: 25%
Magic:  10/21      EV: 12    Int: 19    God:    Vehumet [*.....]
Gold:   489        SH:  0    Dex: 10    Spells: 15/24 levels left

rFire    + . .     SeeInvis .   r - +3 flail (protect)
rCold    + . .     Faith    .   (no shield)
rNeg     + . .     Spirit   .   i - +3 leather armour {rF+}
rPois    ∞         Reflect  .   w - +2 helmet
rElec    +         Harm     .   z - +0 cloak
rCorr    .         Rampage  .   c - +0 pair of gloves
Will     .....                  (no boots)
Stlth    ..........             k - amulet of magic regeneration
HPRegen  0.26/turn              A - ring of protection from cold
MPRegen  0.42/turn              (no ring)

@: berserking (expiring), protection aura, slowed
A: negative energy resistance 1, electricity resistance, torment resistance 1,
unbreathing 1, petrification resistance, AC +8
a: Renounce Religion


You were on level 10 of the Dungeon.
You worshipped Vehumet.
Vehumet was aware of your devotion.
You visited 2 branches of the dungeon, and saw 11 of its levels.

You collected 489 gold pieces.

Inventory:

Hand Weapons
 r - a +3 flail of protection (weapon)
 t - a +4 great mace
 u - a +4 great mace
Missiles
 b - 119 stones
 v - a throwing net
Armour
 c - a +0 pair of gloves (worn)
 i - a +3 leather armour of fire resistance (worn)
 m - a +2 robe of the Archmagi
 w - a +2 helmet (worn)
 z - a +0 cloak (worn)
Jewellery
 k - an amulet of magic regeneration (around neck)
 A - a ring of protection from cold (left hand)
Wands
 n - a wand of paralysis (6)
 y - a wand of flame (18)
Scrolls
 a - 2 scrolls of teleportation
 h - 3 scrolls of magic mapping
 q - 3 scrolls of identify
 x - a scroll of amnesia
Potions
 d - a potion of attraction
 e - 2 potions of might
 f - 2 potions of invisibility
 g - a potion of haste
 j - 2 potions of berserk rage
 l - a potion of heal wounds
 o - 4 potions of curing
 p - a potion of ambrosia
 s - a potion of lignification


   Skills:
 + Level 5.6 Fighting
 + Level 5.1 Maces & Flails
 + Level 5.6 Armour
 + Level 4.6 Dodging
 - Level 2.1 Stealth
 + Level 7.2 Spellcasting
 + Level 7.9 Conjurations
 - Level 0.7 Transmutations
 + Level 9.8 Earth Magic
 + Level 3.0 Evocations


You had 15 spell levels left.
You knew the following spells:

 Your Spells              Type           Power      Damage    Failure   Level
a - Sandblast             Erth           88%        2d18      1%          1
b - Stone Arrow           Conj/Erth      80%        3d12      1%          3
c - Lee's Rapid Deconstr  Erth           22%        3d13*     6%          5

Your spell library contained the following spells:

 Spells                   Type           Power      Damage    Failure   Level
 Freeze                   Ice            24%        1d5       13%         1
 Searing Ray              Conj           72%        3d6       1%          2
 Foxfire                  Conj/Fire      84%        2x1d8     2%          1
 Passwall                 Tmut/Erth      21%        N/A       2%          2
 Conjure Flame            Conj/Fire      21%        6-21      8%          3
 Animate Skeleton         Necr           12%        N/A       13%         1
 Apportation              Tloc           12%        N/A       13%         1
 Corona                   Hex            6%         N/A       13%         1
 Summon Small Mammal      Summ           24%        N/A       13%         1
 Petrify                  Tmut/Erth      26%        N/A       14%         4
 Sticky Flame             Conj/Fire      21%        2d4       24%         4
 Inner Flame              Hex/Fire       6%         N/A       36%         3
 Fireball                 Conj/Fire      10%        3d6       56%         5


Dungeon Overview and Level Annotations

Branches:
Dungeon (10/15)            Temple (1/1) D:6             Orc (0/2) D:10
   Lair: D:8-11

Altars:
Ashenzari
Cheibriados
Dithmenos
Elyvilon
Fedhas
Gozag
Hepliaklqana
Kikubaaqudgha
Makhleb
Nemelex Xobeh
Okawaru
Qazlal
Ru
Sif Muna
Trog
Uskayaw
Vehumet
Wu Jian
Xom
Yredelemnul
Zin
The Shining One

Annotations:
D:8 2 transporters, Gaff's ghost, novice KoBr


Innate Abilities, Weirdness & Mutations

Your stone body is resilient. (AC +8)
You are immune to poison.
You resist negative energy. (rN+)
You are resistant to electric shocks. (rElec)
You are resistance to unholy torment.
You can survive without breathing.
You are immune to petrification.


Message History

Your weapon exudes an aura of protection.
You destroy the wraith!
Vehumet accepts your kill.
You feel your power returning. The orc hits you but does no damage.
The orc warrior hits you with a +0 flail!
* * * LOW HITPOINT WARNING * * *
Your Evocations skill increases to level 3!
You hit the orc warrior.
The orc warrior is moderately wounded.
The orc hits you but does no damage. The orc barely misses you.
The orc warrior closely misses you.
An orc wizard comes into view. It is wielding a +0 dagger.
Unknown command.
You closely miss the orc warrior.
The orc warrior is moderately wounded.
The orc hits you but does no damage. The orc closely misses you.
The orc warrior hits you but does no damage.
A centaur warrior comes into view.
Unknown command.
You sock the orc warrior!
The orc warrior is severely wounded.
The orc hits you but does no damage. The orc misses you.
The two-headed ogre hits you with a +0 giant club.
* * * LOW HITPOINT WARNING * * *
The two-headed ogre hits you with a +0 giant club!
* * * LOW HITPOINT WARNING * * *
The orc warrior hits you with a +0 flail.
* * * LOW HITPOINT WARNING * * *
You sock the orc warrior!
The orc warrior is almost dead.
The orc hits you but does no damage. x2
The orc warrior hits you but does no damage.
Unknown command.
You barely miss the centaur warrior.
The two-headed ogre hits you but does no damage.
The two-headed ogre barely misses you.
The centaur warrior hits you but does no damage.
The orc closely misses you.
The orc warrior hits you with a +0 flail!
You die...

#.#####.# #...##...#
#.......# #...+....# #
##############...#.#..#
........................#
###..####.######...#.#..#
!.$.$.)o..# #...#.#.>#
.......#o.# #...#.....
.......#co# ########..
#.$...##@o# #.. ###o##
#O.# #.. ... #..# #.. ...
#..# ### .# #..# #..#
#..# ...#


You could see a centaur warrior, a two-headed ogre, an orc warrior, an orc
wizard and 2 orcs.

Vanquished Creatures
  A centaur warrior (D:10)
  2 two-headed ogres
  Pikel (D:4)
  A manticore (D:7)
  The ghost of anet the Magician, a novice DECj (D:6)
  Maurice (D:9)
  Psyche (D:9)
  Grinder (D:4)
  A wraith (D:10)
  Sigmund (D:5)
  Eustachio (D:5)
  Edmund (D:5)
  A water moccasin (D:8)
  Duvessa (D:5)
  A sky beast (D:8)
  2 ice beasts (D:5)
  5 orc warriors
  A necrophage (D:9)
  3 ogres
  5 centaurs
  5 bullfrogs
  2 lemures (D:3)
  Dowan (D:5)
  A scorpion (D:7)
  6 killer bees (D:8)
  4 wights (D:9)
  2 howler monkeys
  2 electric eels (D:10)
  2 crimson imps (D:6)
  3 bullfrog zombies
  7 orc priests
  Crazy Yiuf (D:6)
  4 iguanas
  5 orc wizards
  2 worker ants
  A hound skeleton (D:7)
  A howler monkey skeleton (D:10)
  19 adders
  3 white imps
  4 ufetubi
  4 oozes
  2 adder skeletons
  An adder zombie (D:7)
  A worm (D:4)
  A dart slug (D:1)
  4 leopard geckos
  34 orcs
  3 ball pythons
  7 giant cockroaches
  14 goblins
  3 hobgoblins (D:2)
  6 jackals
  3 quokkas
  6 bats
  8 frilled lizards
  2 goblin skeletons (D:6)
  A goblin zombie (D:6)
  A hobgoblin zombie (D:6)
  8 kobolds
  A kobold skeleton (D:6)
  A leopard gecko skeleton (D:4)
  An orc skeleton (D:6)
  2 orc zombies (D:6)
  A quokka skeleton (D:4)
  A quokka zombie (D:9)
  8 rats
231 creatures vanquished.

Notes
Turn   | Place    | Note
-------+----------+-------------------------------------------
     0 | D:1      | Malandir the Gargoyle Earth Elementalist began the quest
                  | for the Orb.
     0 | D:1      | Reached XP level 1. HP: 10/10 MP: 3/3
   112 | D:1      | Reached skill level 4 in Earth Magic
   112 | D:1      | Reached XP level 2. HP: 9/15 MP: 0/5
   996 | D:1      | Reached XP level 3. HP: 19/19 MP: 6/6
  1006 | D:1      | Learned a level 3 spell: Stone Arrow
  1630 | D:2      | You fall into a shaft and drop 2 floors!
  1800 | D:4      | Reached skill level 1 in Conjurations
  1855 | D:4      | Noticed an ogre
  1860 | D:4      | Killed an ogre
  1861 | D:4      | Reached skill level 5 in Earth Magic
  1861 | D:4      | Reached XP level 4. HP: 23/24 MP: 6/9
  1861 | D:4      | Reached XP level 5. HP: 27/28 MP: 6/10
  1878 | D:4      | Learned a level 5 spell: Lee's Rapid Deconstruction
  1883 | D:4      | Noticed Grinder
  1900 | D:4      | Killed Grinder
  1901 | D:4      | Reached XP level 6. HP: 22/32 MP: 3/12
  2215 | D:4      | Reached skill level 6 in Earth Magic
  2664 | D:2      | Found a shadowy altar of Dithmenos.
  3398 | D:2      | Reached XP level 7. HP: 35/36 MP: 13/13
  3425 | D:2      | Found a sacrificial altar of Ru.
  3785 | D:3      | Found a sparkling altar of Nemelex Xobeh.
  4215 | D:3      | Found a sparkling altar of Nemelex Xobeh.
  4249 | D:4      | Noticed Pikel
  4506 | D:4      | Killed Pikel
  4507 | D:4      | Reached skill level 5 in Spellcasting
  4507 | D:4      | Reached skill level 5 in Conjurations
  4507 | D:4      | Reached skill level 7 in Earth Magic
  4507 | D:4      | Reached XP level 8. HP: 12/41 MP: 8/15
  5221 | D:5      | Entered Level 5 of the Dungeon
  5238 | D:5      | Noticed Sigmund
  5241 | D:5      | Killed Sigmund
  5242 | D:5      | Reached skill level 1 in Armour
  5282 | D:5      | Noticed Duvessa
  5282 | D:5      | Noticed Dowan
  5290 | D:5      | Killed Duvessa
  5291 | D:5      | Reached skill level 1 in Fighting
  5291 | D:5      | Reached skill level 1 in Maces & Flails
  5298 | D:5      | Killed Dowan
  5402 | D:5      | Noticed Edmund
  5410 | D:5      | Killed Edmund
  5925 | D:5      | Noticed Eustachio
  5928 | D:5      | Killed Eustachio
  5929 | D:5      | Reached skill level 8 in Earth Magic
  5929 | D:5      | Reached XP level 9. HP: 48/48 MP: 8/17
  6612 | D:6      | Found a staircase to the Ecumenical Temple.
  6624 | Temple   | Entered the Ecumenical Temple
  6773 | D:6      | Found a glowing golden altar of the Shining One.
  6818 | D:6      | Found a transporter.
  6819 | D:6      | Noticed anet's ghost (novice DECj)
  6821 | D:6      | Noticed a two-headed ogre
  6828 | D:6      | Found a transporter.
  7259 | D:6      | Found a shimmering altar of Xom.
  7259 | D:6      | Found a burning altar of Makhleb.
  7389 | D:6      | Found a runed translucent door.
  7390 | D:6      | Noticed Crazy Yiuf
  7395 | D:6      | Killed Crazy Yiuf
  7609 | D:6      | Killed a two-headed ogre
  7614 | D:6      | Killed anet's ghost
  7615 | D:6      | Reached XP level 10. HP: 33/56 MP: 3/19
  8023 | D:7      | Found a radiant altar of Vehumet.
  8041 | D:7      | Became a worshipper of Vehumet
  8245 | D:7      | Found a bloodstained altar of Trog.
  8281 | D:7      | Found a shimmering blue altar of Sif Muna.
  8299 | D:7      | Identified Sif Muna's Catalogue of Arcane Weapons
  8402 | D:7      | Found a broken altar of Ashenzari.
  8451 | D:7      | Reached skill level 9 in Earth Magic
  8488 | D:7      | Noticed a manticore
  8493 | D:7      | Killed a manticore
  8494 | D:7      | Reached skill level 1 in Evocations
  9007 | D:8      | Found a transporter.
  9007 | D:8      | Noticed Gaff's ghost (novice KoBr)
  9008 | D:8      | Found a transporter.
  9650 | D:9      | Noticed a two-headed ogre
  9660 | D:9      | Killed a two-headed ogre
  9661 | D:9      | Reached skill level 5 in Fighting
  9661 | D:9      | Reached skill level 5 in Armour
  9762 | D:9      | Noticed Psyche
  9765 | D:9      | Killed Psyche
  9928 | D:9      | Noticed Maurice
  9955 | D:9      | Reached * piety under Vehumet
  9955 | D:9      | Offered knowledge of Freeze by Vehumet.
  9964 | D:9      | Killed Maurice
 10013 | D:9      | Reached XP level 11. HP: 46/64 MP: 21/21
 10287 | D:9      | Found an iron altar of Okawaru.
 10287 | D:9      | Found a snail-covered altar of Cheibriados.
 10288 | D:9      | Found an ancient bone altar of Kikubaaqudgha.
 10729 | D:10     | Entered Level 10 of the Dungeon
 10729 | D:10     | Found a staircase to the Orcish Mines.
 10870 | D:10     | Reached skill level 5 in Maces & Flails
 10890 | D:10     | Noticed a centaur warrior
 10907 | D:10     | Killed a centaur warrior
 10918 | D:10     | Noticed a two-headed ogre
 10923 | D:10     | Noticed a centaur warrior
 10925 | D:10     | Slain by an orc warrior

Illustrated notes

Levels and vault maps discovered:
D:1:      saegor_arrival_simple_d, layout_basic
D:2:      layout_basic, grunt_dithmenos_smoke_and_mirrors, marbit_many_paths
D:3:      layout_rooms, nemelex_xobeh_ov_fountains_minmay,
          nemelex_dance_club_becter
D:4:      layout_loops_ring, chequers_serial_rivers_large_b, uniq_pikel,
          uniq_grinder
D:5:      layout_gridville, uniq_sigmund, uniq_edmund, uniq_eustachio,
          uniq_duvessa
D:6:      layout_basic, grunt_temple_overflow_champion_of_chaos,
          minmay_temple_entry_mini_moons, gammafunk_ghost_smash,
          nicolae_tso_besieged_by_evil, uniq_crazy_yiuf_cottage
D:7:      layout_rooms, nzn_overflow_gifts_of_might_and_magic,
          old_standard_altar, old_standard_altar
D:8:      layout_basic, gammafunk_ghost_mausoleum, hangedman_decor_points
D:9:      layout_rooms, chequers_temple_overflow_statue_of_worship,
          minivault_26, uniq_maurice, uniq_psyche
D:10:     minmay_curly_fans, layout_basic, gammafunk_ghost_abyssal_escape,
          lightli_church_of_beogh
Temple:   zaba_magenta_temple

Skill      XL: |  1  2  3  4  5  6  7  8  9 10 11 |
---------------+----------------------------------+-----
Earth Magic    | 4 5 6 7 8 9 |  9.8
Conjurations   | 2 3 5 6 7 |  7.9
Spellcasting   | 3 4 5 6 7 |  7.2
Armour         | 2 4 5 |  5.6
Fighting       | 2 4 5 |  5.6
Maces & Flails | 2 3 4 5 |  5.1
Dodging        | 2 3 4 |  4.6
Evocations     | 2 3 |  3.0
Stealth        | |  2.1
Transmutations | |  0.7

Action                   |  1- 3 |  4- 6 |  7- 9 | 10-12 || total
-------------------------+-------+-------+-------+-------++-------
Melee: Unarmed           |    11 |       |       |       ||    11
       Whip              |    27 |       |       |       ||    27
       Mace              |    31 |       |       |       ||    31
       Dagger            |    40 |   146 |   235 |       ||   421
       Flail             |       |       |    57 |   326 ||   383
 Cast: Sandblast         |    19 |     9 |    26 |    23 ||    77
       Stone Arrow       |       |       |    22 |    15 ||    37
       Lee's Rapid Decon |       |       |     7 |     7 ||    14
Evoke: Wand              |       |       |       |     1 ||     1
  Use: Scroll            |     8 |       |     8 |     4 ||    20
       Potion            |       |     3 |     1 |     2 ||     6
 Stab: Sleeping          |     2 |     2 |     2 |     2 ||     8
       Invisible         |       |       |     1 |       ||     1
       Paralysed         |       |       |       |     7 ||     7
Armor: Robe              |    47 |    65 |    92 |       ||   204
       Leather armour    |       |       |    94 |   226 ||   320
Dodge: Dodged            |    91 |    72 |   202 |   263 ||   628

Table legend: (Time is in decaauts)
 A = Elapsed time spent in this place.
 B = Non-inter-level travel time spent in this place.
 C = Inter-level travel time spent in this place.
 D = Time resting spent in this place.
 E = Time spent auto-exploring this place.
 F = Levels seen in this place.
 G = Mean time per level.
                   A        B        C        D        E       F      G
               +--------+--------+--------+--------+--------+-----+--------+
         Total |  11057 |  10721 |    336 |   1155 |   7496 |  11 | 1005.2 |
       Dungeon |  10983 |  10666 |    317 |   1155 |   7442 |  10 | 1098.3 |
        Temple |     73 |     54 |     19 |      0 |     54 |   1 |   73.0 |
               +--------+--------+--------+--------+--------+-----+--------+

Top non-repeatable levels by time:
     D:2: 1476 daAuts
     D:6: 1423 daAuts
     D:4: 1397 daAuts
     D:1: 1332 daAuts
     D:5: 1221 daAuts
     D:3: 1057 daAuts
     D:9: 1037 daAuts
     D:8: 996 daAuts
     D:7: 832 daAuts
    D:10: 207 daAuts
  Temple: 73 daAuts
